 Dungeon Crawl Stone Soup version 0.26.1-11-gd32895ea62 (webtiles) character file.

Game seed: 8656972458168236987

46 Descartes the Sneak (level 3, -4/15 HPs)
             Began as a Felid Transmuter on Apr 19, 2021.
             Slain by a kobold
             ... wielding a +0 dagger
              (5 damage)
             ... on level 2 of the Dungeon.
             The game lasted 00:02:16 (1491 turns).

Descartes the Sneak (Felid Transmuter)              Turns: 1491, Time: 00:02:18

Health: -4/15      AC:  1    Str:  7    XL:     3   Next: 46%
Magic:  7/7        EV: 18    Int: 14    God:
Gold:   126        SH:  0    Dex: 16    Spells: 5/6 levels left
                                        Lives:  0   Deaths: 0

rFire    . . .     SeeInvis +     - Unarmed
rCold    . . .     Faith    .   (shield unavailable)
rNeg     . . .     Spirit   .   (armour unavailable)
rPois    .         Reflect  .   (helmet unavailable)
rElec    .         Harm     .   (cloak unavailable)
rCorr    .         Rampage  .   (gloves unavailable)
Will     .....                  (boots unavailable)
Stlth    +++.......             (no amulet)
HPRegen  0.05/turn              (no ring)
MPRegen  0.10/turn              (no ring)

@: lethally poisoned (-4 -> -6), appendages (expiring), quick
A: very small, no armour, no weapons or thrown items, stealth, claws 1, fangs 3,
horns 2, see invisible, speed 1, shaggy fur 1, sharp paws
a: End Transformation


You were on level 2 of the Dungeon.
You had grown temporary horns.
You visited 1 branch of the dungeon, and saw 3 of its levels.

You collected 126 gold pieces.

Inventory:

Missiles
 c - 66 arrows
 k - 17 stones
Jewellery
 o - a +6 ring of dexterity {unknown}
Scrolls
 e - 2 scrolls of remove curse {unknown}
 g - 2 scrolls of fear {unknown}
 h - a scroll of amnesia {unknown}
 j - a scroll of identify {unknown}
 l - a scroll of enchant armour {unknown}
 m - a scroll of immolation {unknown}
Potions
 a - a potion of attraction {unknown}
 b - a potion of mutation {unknown}
 d - a potion of berserk rage {unknown}
 f - a potion of haste {unknown}
 i - a potion of curing {unknown}
 n - a potion of degeneration {unknown}


   Skills:
 - Level 1.0 Fighting
 - Level 2.6 Dodging
 + Level 4.7 Stealth
 - Level 3.0 Unarmed Combat
 - Level 2.0 Spellcasting
 - Level 2.1 Transmutations


You had 5 spell levels left.
You knew the following spells:

 Your Spells              Type           Power        Failure   Level
a - Beastly Appendage     Tmut           14%          10%         1

Your spell library contained the following spells:

 Spells                   Type           Power        Failure   Level
 Wereblood                Tmut           7%           14%         2
 Spider Form              Tmut/Pois      2%           41%         3
 Ice Form                 Ice/Tmut       4%           83%         4
 Blade Hands              Tmut           3%           95%         5


Dungeon Overview and Level Annotations

Branches:
Dungeon (3/15)

Altars:


Innate Abilities, Weirdness & Mutations

You cannot wear armour.
You are incapable of wielding weapons or throwing items.
Your paws allow you to move quietly. (Stealth)
You have sharp claws.
You have razor-sharp teeth.
You have supernaturally acute eyesight. (SInv)
You cover ground quickly.
You are covered in fur. (AC +1)
Your sharp claws are effective at attacking unaware monsters.
You have a pair of horns on your head.


Message History

You scratch the adder.
The adder is lightly wounded.
The kobold completely misses you. The adder closely misses you.
You barely miss the adder. Your headbutt misses the adder.
The adder is lightly wounded.
The adder barely misses you. The kobold hits you with a +0 dagger.
You feel sick. The kobold hits you with a +0 dagger.
* * * LOW HITPOINT WARNING * * *
The kobold hits you but does no damage.
There is an escape hatch in the ceiling here.
The adder misses you. The adder completely misses you. The kobold misses you.
A mysterious force pulls you upwards. The hatch slams shut behind you.
You scratch the adder.
The adder is heavily wounded.
Your transformation is almost over.
* * * LOW HITPOINT WARNING * * *
You feel sick. The adder bites you.
* * * LOW HITPOINT WARNING * * *
The kobold hits you with a +0 dagger.
You die...

##.## #.#####.......### #..
#...#######.............# ##..
#..........#.########.### #...
#...#######.### #...# #.#.
######........# #...# #...
.....#.####.#.# #...# ##.#
.....#.#......######...########..
.#...#.#.##.#.##.................
###....#.##..#.S@K.............##
.#...###..)....#............##.##
.)...# #..#.#..#####...####.#....
.....# #..#.#..# #...# #.#.###
....## #.......# #...# #......
#.#.# ##.####.# #...# ###.#..
..#.# #.>.<..# ##.## #.#.# ..#.#
#.###### #.# #.... ..#.# #.# #.#
###..


You could see an adder and a kobold.

Vanquished Creatures
  An adder (D:2)
  An ooze (D:2)
  A dart slug (D:2)
  2 leopard geckos
  A ball python (D:2)
  A giant cockroach (D:2)
  4 hobgoblins
  3 kobolds
  5 bats (D:2)
  4 frilled lizards
  4 goblins
  2 rats
29 creatures vanquished.

Notes
Turn   | Place    | Note
-------+----------+-------------------------------------------
     0 | D:1      | Descartes the Felid Transmuter began the quest for the Orb.
     0 | D:1      | Reached XP level 1. HP: 9/9 MP: 4/4
    44 | D:1      | Reached skill level 1 in Stealth
   391 | D:1      | Reached skill level 2 in Stealth
   413 | D:1      | Reached XP level 2. HP: 8/12 MP: 6/6
   582 | D:1      | You fall into a shaft and drop 1 floor!
   586 | D:2      | Reached skill level 3 in Stealth
   711 | D:2      | Reached skill level 4 in Stealth
   745 | D:2      | Reached XP level 3. HP: 15/15 MP: 5/7
  1491 | D:2      | Slain by a kobold

Illustrated notes

Levels and vault maps discovered:
D:1:      ebering_trefoil_twist, layout_basic, minmay_misc_feat_rows
D:2:      layout_loops_cross
D:3:      layout_loops_ring

Skill      XL: |  1  2 |
---------------+-------+-----
Stealth        | 2 4 |  4.7
Fighting       | |  1.0
Dodging        | |  2.6
Unarmed Combat | |  3.0
Spellcasting   | |  2.0
Transmutations | |  2.1

Action                   || total
-------------------------++-------
Melee: Unarmed           ||    64
       Headbutt          ||     4
       Bite              ||     2
 Cast: Beastly Appendage ||    23
 Stab: Sleeping          ||    13
Dodge: Dodged            ||    43
